 Dungeon Crawl Stone Soup version 0.31-a0-18-gea43df2a32 (webtiles) character file.

Game seed: 11693720659099429479

35 IdlyInterested the Trooper (level 3, 0/29 HPs)
             Began as a Demonspawn Wanderer on May 10, 2023.
             Slain by a gnoll
             ... wielding a +0 spear
              (2 damage)
             ... on level 2 of the Dungeon.
             The game lasted 00:03:44 (811 turns).

IdlyInterested the Trooper (Demonspawn Wanderer)     Turns: 811, Time: 00:03:44

Health: 0/29       AC:  5    Str: 16    XL:     3   Next: 16%
Magic:  4/6        EV: 10    Int: 12    God:
Gold:   85         SH:  0    Dex: 11    Spells: 5/6 levels left

rFire   . . .        a - +3 dagger
rCold   . . .        (no shield)
rNeg    . . .        m - +0 ring mail
rPois   .            (helmet restricted)
rElec   .            (no cloak)
rCorr   .            (no gloves)
SInv    .            (no boots)
Will    .....        (no amulet)
Stlth   +            (no ring)
HPRegen 0.24/turn    (no ring)
MPRegen 0.10/turn

%: no passive effects
@: mighty, flying, hasted, very quick
A: horns 1, powered by pain 1
a: no special abilities


You were on level 2 of the Dungeon.
You visited 1 branch of the dungeon, and saw 2 of its levels.

You collected 85 gold pieces.

Inventory:

Hand Weapons
 a - a +3 dagger (weapon)
Missiles
 b - a curare-tipped dart
 l - 3 stones (quivered)
Armour
 d - a +0 leather armour
 m - a +0 ring mail (worn)
Scrolls
 c - a scroll of blinking
 e - a scroll of brand weapon {unknown}
 k - a scroll of poison {unknown}
Potions
 f - a potion of curing {unknown}
 g - a potion of ambrosia {unknown}
 h - a potion of brilliance {unknown}
 i - a potion of degeneration {unknown}


   Skills:
 - Level 3.0 Fighting
 - Level 2.6 Throwing
 - Level 1.0 Armour
 - Level 1.0 Dodging
 * Level 0.0 Stealth
 - Level 1.0 Shields
 + Level 2.2 Spellcasting
 - Level 1.7 Fire Magic


You had 5 spell levels left.
You knew the following spells:

 Your Spells              Type           Power      Damage    Failure   Level
a - Foxfire               Conj/Fire      12%        2x1d4     34%         1

Your spell library contained the following spells:

 Spells                   Type           Power      Damage    Failure   Level
 Sandblast                Erth           2%         2d4       45%         1
 Passwall                 Tmut/Erth      0%         N/A       61%         2
 Volatile Blastmotes      Fire/Tloc      6%         2d10      71%         3
 Stone Arrow              Conj/Erth      2%         3d7       83%         3


Dungeon Overview and Level Annotations

Branches:
Dungeon (2/15)

Altars:


Innate Abilities, Weirdness & Mutations

You have a pair of small horns on your head.
You sometimes gain a little power by taking damage.


Message History

The gnoll is moderately wounded.
The gnoll closely misses you. The gnoll barely misses you.
You hit the gnoll.
The gnoll is heavily wounded.
The gnoll barely misses you. The gnoll hits you but does no damage.
You hit the gnoll.
The gnoll is severely wounded.
The gnoll hits you with a +0 spear. The gnoll barely misses you.
You hit the gnoll.
You kill the gnoll!
The gnoll misses you.
Training target 1.0 for Shields reached!
Your Shields skill increases to level 1!
Your Spellcasting skill increases to level 2!
You have reached level 3!
Your experience leads to an increase in your attributes!
Increase (S)trength, (I)ntelligence, or (D)exterity?
You feel agile. x2; Your demonic ancestry asserts itself...
You feel energised by your suffering.
A gnoll comes into view. It is wielding a +0 club.
The gnoll throws a throwing net.
The throwing net hits you.
You become entangled in the net!
The gnoll barely misses you.
Things that are here:
a throwing net; a +0 spear; a +0 club You tear a large gash into the net.
The gnoll hits you with a +0 spear.
You struggle against the net.
The gnoll hits you with a +0 spear.
* * * LOW HITPOINT WARNING * * *
You struggle against the net.
The gnoll hits you with a +0 spear.
* * * LOW HITPOINT WARNING * * *
You rip the net and break free!
The gnoll hits you with a +0 spear.
* * * LOW HITPOINT WARNING * * *
It was a potion of flight.
You feel very buoyant.
You fly up into the air.
The gnoll barely misses you. x2
It was a potion of haste.
You feel yourself speed up. The gnoll misses you.
The gnoll hits you but does no damage.
It was a potion of might.
You feel very mighty all of a sudden. The gnoll misses you.
The gnoll hits you with a +0 spear.
You die...

### #......##### #
....#####..#######
..
................>#
..g
...........#.#####
#.. ...###.#.....#
# #...
##.####..####
#....##### ##..#
#.......
#....gg###..##
##.#####
#.####@##..## #.#
# #...#..## #.# #
#.###.## #.# #
##.##.#...#
#.#####
#.....).###
#...... #.......#
####### #.......#
#.......#
#.......#


You could see 2 gnolls.

Vanquished Creatures
  2 gnolls (D:2)
  A dart slug (D:1)
  2 goblins (D:2)
  A hobgoblin (D:1)
  3 bats (D:1)
  2 frilled lizards (D:1)
  3 kobolds
14 creatures vanquished.

Notes
Turn   | Place    | Note
-------+----------+-------------------------------------------
     0 | D:1      | IdlyInterested the Demonspawn Wanderer began the quest for
                  | the Orb.
     0 | D:1      | IdlyInterested set off with the following items: a +3
                  | dagger, a curare-tipped dart, a scroll of blinking, a +0
                  | leather armour; and the following spell memorised: Foxfire;
                  | and the following spells available to memorise: Volatile
                  | Blastmotes.
     0 | D:1      | Reached XP level 1. HP: 18/18 MP: 2/2
   310 | D:1      | Reached skill level 1 in Armour
   310 | D:1      | Gained mutation: You have a pair of small horns on your
                  | head. [demonic ancestry]
   310 | D:1      | Reached XP level 2. HP: 16/24 MP: 2/4
   804 | D:2      | Reached skill level 1 in Shields
   804 | D:2      | Gained mutation: You sometimes gain a little power by
                  | taking damage. [demonic ancestry]
   804 | D:2      | Reached XP level 3. HP: 13/29 MP: 4/6
   808 | D:2      | HP: 1/29 [gnoll/+0 spear (2)]
   811 | D:2      | Slain by a gnoll

Illustrated notes

Levels and vault maps discovered:
D:1:      dpeg_arrival_short_road, layout_rooms,
          wander_ebering_terrifying_dragon_lair
D:2:      layout_basic, basic_altar

Skill      XL: |  1  2 |
---------------+-------+-----
Armour         | 1 |  1.0
Shields        | 1 |  1.0
Spellcasting   | 2 |  2.2
Fighting       | |  3.0
Throwing       | |  2.6
Dodging        | |  1.0
Fire Magic     | |  1.7

Action                     || total
---------------------------++-------
  Melee: Dagger            ||    42
         Headbutt          ||     1
  Throw: Stone             ||     1
    Use: Potion            ||     3
 Armour: Leather armour    ||     6
         Ring mail         ||     6
  Dodge: Dodged            ||    27

Table legend: (Time is in decaauts)
 A = Elapsed time spent in this place.
 B = Non-inter-level travel time spent in this place.
 C = Inter-level travel time spent in this place.
 D = Time resting spent in this place.
 E = Time spent auto-exploring this place.
 F = Levels seen in this place.
 G = Mean time per level.
                   A        B        C        D        E       F      G
               +--------+--------+--------+--------+--------+-----+--------+
         Total |    811 |    711 |    100 |     80 |    426 |   2 |  405.5 |
       Dungeon |    811 |    711 |    100 |     80 |    426 |   2 |  405.5 |
               +--------+--------+--------+--------+--------+-----+--------+

Top non-repeatable levels by time:
     D:1: 661 daAuts
     D:2: 150 daAuts
